 Dungeon Crawl Stone Soup version 0.29-a0-319-gad05b8d819 (webtiles) character file.

Game seed: 906448977447518296

66 GigaChad the Skirmisher (level 3, 0/30 HPs)
             Began as a Demonspawn Abyssal Knight on Apr 1, 2022.
             Was a Believer of Lugonu.
             Slain by Natasha (1 damage)
             ... on level 2 of the Dungeon.
             The game lasted 00:03:20 (570 turns).

GigaChad the Skirmisher (Demonspawn Abyssal Knight)  Turns: 570, Time: 00:03:21

Health: 0/30       AC:  5    Str: 15    XL:     3   Next: 96%
Magic:  3/5        EV: 10    Int: 11    God:    Lugonu [**....]
Gold:   44         SH:  0    Dex: 13    Spells: 2/2 levels left

rFire   . . .      SeeInvis .   a - +1 falchion
rCold   . . .      Faith    .   (no shield)
rNeg    . . .      Spirit   .   e - +0 ring mail
rPois   .          Reflect  .   (no helmet)
rElec   .          Harm     .   (no cloak)
rCorr   .          Rampage  .   (no gloves)
Will    .....                   (no boots)
Stlth   +.........              (no amulet)
HPRegen 0.10/turn               (no ring)
MPRegen 0.09/turn               (no ring)

@: no status effects
A: powered by death 1, demonic touch 1
a: Renounce Religion, Depart the Abyss, Bend Space


You were on level 2 of the Dungeon.
You worshipped Lugonu.
Lugonu was pleased with you.
You visited 1 branch of the dungeon, and saw 2 of its levels.
You visited the Abyss 1 time.

You collected 44 gold pieces.

Inventory:

Hand Weapons
 a - a +1 falchion (weapon)
Armour
 b - a +0 leather armour
 e - a +0 ring mail (worn)
Wands
 f - a wand of polymorph (12)
Scrolls
 d - a scroll of fear {unknown}
Potions
 c - a potion of attraction {unknown}


   Skills:
 + Level 3.8 Fighting
 + Level 2.3 Long Blades
 + Level 2.6 Armour
 + Level 0.9 Dodging
 + Level 2.8 Invocations


You had 2 spell levels left.
You didn't know any spells.
Your spell library contained the following spells:

 Spells                   Type           Power      Damage    Failure   Level
 Magic Dart               Conj           0%         1d3       56%         1
 Call Imp                 Summ           0%         N/A       71%         2
 Mephitic Cloud           Conj/Pois/Air  0%         N/A       90%         3


Dungeon Overview and Level Annotations

Branches:
Dungeon (1/15)

Altars:

Annotations:
D:2 Natasha


Innate Abilities, Weirdness & Mutations

You regenerate a little health from kills.
Your touch may inflict minor irresistible damage on your foes.


Message History

The scorpion is moderately wounded.
Natasha casts a spell.
The scorpion stings you but does no damage.
You barely miss the scorpion.
The scorpion is moderately wounded.
The scorpion stings you.
The scorpion stings you but does no damage.
You barely miss the scorpion.
You touch the scorpion.
The scorpion is severely wounded.
The scorpion closely misses you.
You barely miss the scorpion.
The scorpion is severely wounded.
The scorpion stings you but does no damage.
The crimson imp blinks!
The scorpion closely misses you.
You closely miss the scorpion.
You touch the scorpion.
The scorpion is almost dead.
The crimson imp blinks!
The scorpion stings you.
You hit the scorpion.
You kill the scorpion!
Lugonu accepts your kill.
The crimson imp hits you but does no damage. x2
Your Long Blades skill increases to level 2!
You have reached level 3!
Your experience leads to an increase in your attributes!
Increase (S)trength, (I)ntelligence, or (D)exterity?
You feel stronger. x2; Your demonic ancestry asserts itself...
A wave of death washes over you.
You hit the crimson imp but do no damage.
Natasha stares at you and mumbles some strange words.
You resist with significant effort. The crimson imp hits you.
You miss the crimson imp. Your touch misses the crimson imp. Natasha claws you.
The crimson imp blinks!
Natasha claws you.
* * * LOW HITPOINT WARNING * * *
You closely miss the crimson imp. Your touch misses the crimson imp.
Natasha stares at you and mumbles some strange words.
You resist with significant effort.
The crimson imp blinks!
Natasha claws you.
* * * LOW HITPOINT WARNING * * *
Natasha claws you.
You die...

##### #.........#
+.........# ### #
#.........# .... #.
#.........# #..#
#.###.........# ...
#.............#
#..#####(#.........#
##.#.....'.........#
#..h@###.#.........#
#.#.#.#...'.........#
#.#.#.#.#.........# .
..#...###########
########.# ..# #.#
..# ###


You could see Natasha.

Vanquished Creatures
  A scorpion (D:2)
  A ball python (D:2)
  An endoplasm (D:2)
  A giant cockroach (D:2)
  2 goblins (D:2)
  A bat (D:2)
  2 frilled lizards (D:2)
  A kobold (D:2)
  2 rats (D:2)
12 creatures vanquished.

Notes
Turn   | Place    | Note
-------+----------+-------------------------------------------
     0 | Abyss:1  | GigaChad the Demonspawn Abyssal Knight began the quest for
                  | the Orb.
     0 | Abyss:1  | Reached XP level 1. HP: 18/18 MP: 2/2
    16 | D:1      | Escaped the Abyss
    48 | D:1      | You fall into a shaft and drop 1 floor!
    49 | D:2      | Found a faded altar of an unknown god.
   280 | D:2      | Gained mutation: Your touch may inflict minor irresistible
                  | damage on your foes. [demonic ancestry]
   280 | D:2      | Reached XP level 2. HP: 10/24 MP: 3/3
   551 | D:2      | Noticed a scorpion
   558 | D:2      | Noticed Natasha
   561 | D:2      | Noticed a crimson imp
   565 | D:2      | Killed a scorpion
   566 | D:2      | Gained mutation: You regenerate a little health from kills.
                  | [demonic ancestry]
   566 | D:2      | Reached XP level 3. HP: 17/30 MP: 3/5
   569 | D:2      | HP: 1/30 [Natasha (5)]
   570 | D:2      | Slain by Natasha

Illustrated notes

Levels and vault maps discovered:
D:1:      spicycebolla_arrival_xxxplode, layout_basic, kennysheep_crisscross
D:2:      layout_basic, ebering_ecumenical_altar_abandoned, minmay_tripent,
          uniq_natasha

Skill      XL: |  1  2 |
---------------+-------+-----
Armour         | 2 |  2.6
Long Blades    | 2 |  2.3
Fighting       | |  3.8
Dodging        | |  0.9
Invocations    | |  2.8

Action                   || total
-------------------------++-------
Melee: Falchion          ||    36
       Touch             ||     2
Armor: Leather armour    ||     9
       Ring mail         ||     7
Dodge: Dodged            ||    15

Table legend: (Time is in decaauts)
 A = Elapsed time spent in this place.
 B = Non-inter-level travel time spent in this place.
 C = Inter-level travel time spent in this place.
 D = Time resting spent in this place.
 E = Time spent auto-exploring this place.
 F = Levels seen in this place.
 G = Mean time per level.
                   A        B        C        D        E       F      G
               +--------+--------+--------+--------+--------+-----+--------+
         Total |    577 |    550 |     27 |      0 |      0 |   3 |  192.3 |
       Dungeon |    561 |    534 |     27 |      0 |      0 |   2 |  280.5 |
         Abyss |     16 |     16 |      0 |      0 |      0 |   1 |   16.0 |
               +--------+--------+--------+--------+--------+-----+--------+

Top non-repeatable levels by time:
     D:2: 529 daAuts
     D:1: 31 daAuts
 Abyss:1: 16 daAuts
